 Dungeon Crawl Stone Soup version 0.31.0-1-g2c135a0 (webtiles) character file.

Game seed: 16421358763839032542

76 kaikaun the Sneak (level 4, -2/26 HPs)
             Began as a Kobold Brigand on Apr 14, 2024.
             Killed by nerve-wracking pain
             ... invoked by Jessica
              (11 damage)
             ... on level 3 of the Dungeon.
             The game lasted 00:03:23 (1889 turns).

kaikaun the Sneak (Kobold Brigand)                  Turns: 1889, Time: 00:03:24

Health: -2/26      AC:  4    Str:  8    XL:     4   Next: 57%
Magic:  4/4        EV: 14    Int: 12    God:
Gold:   152        SH:  0    Dex: 18    Spells: 3/3 levels left

rFire   . . .        a - +2 dagger
rCold   . . .        (no shield)
rNeg    . . .        b - +0 robe
rPois   +            (no helmet)
rElec   .            c - +0 cloak
rCorr   .            (no gloves)
SInv    .            j - +0 pair of boots
Will    .....        (no amulet)
Stlth   ++++         i - ring of poison resistance
HPRegen 0.24/turn    (no ring)
MPRegen 0.09/turn

%: no passive effects
@: no status effects
A: small, no large weapons, nightstalker 3
a: no special abilities


You were on level 3 of the Dungeon.
You visited 1 branch of the dungeon, and saw 3 of its levels.

You collected 152 gold pieces.

Inventory:

Hand Weapons
 a - a +2 dagger (weapon)
Missiles
 d - 9 poisoned darts (quivered)
 e - 3 curare-tipped darts
Armour
 b - a +0 robe (worn)
 c - a +0 cloak (worn)
 j - a +0 pair of boots (worn)
Jewellery
 h - a +6 ring of intelligence
 i - a ring of poison resistance (left hand)
Scrolls
 f - 2 scrolls of teleportation
 g - a scroll of revelation
 k - a scroll of enchant weapon {unknown}
 l - a scroll of identify {unknown}
 m - 3 scrolls of immolation
 o - a scroll of torment {unknown}
Potions
 n - a potion of mutation {unknown}
 p - a potion of ambrosia {unknown}


   Skills:
 - Level 2.1 Fighting
 * Level 5.1 Short Blades
 - Level 2.1 Throwing
 - Level 1.2 Dodging
 + Level 6.2 Stealth


You had 3 spell levels left.
You didn't know any spells.
Your spell library contained the following spells:

 Spells                   Type           Power      Damage    Failure   Level
 Apportation              Tloc           0%         N/A       32%         1
 Necrotise                Necr           0%         1d4       32%         1
 Sting                    Conj/Alch      0%         1d3       32%         1
 Summon Small Mammal      Summ           0%         N/A       32%         1


Dungeon Overview and Level Annotations

Branches:
Dungeon (3/15)

Altars:
Hepliaklqana
The Shining One

Annotations:
D:3 Jessica


Innate Abilities, Weirdness & Mutations

You are small and have problems with some larger weapons.
You are completely attuned to the shadows.


Message History

The adder is moderately wounded.
The adder bites you.
* * * LOW HITPOINT WARNING * * *
You miss the adder.
The adder is moderately wounded.
The adder barely misses you.
You closely miss the adder.
The adder is moderately wounded.
The adder bites you but does no damage.
You completely miss the adder.
The adder is moderately wounded.
The adder bites you.
* * * LOW HITPOINT WARNING * * *
You miss the adder.
The adder is moderately wounded.
The adder barely misses you.
You hit the adder.
The adder is moderately wounded.
The adder barely misses you.
You completely miss the adder.
The adder is moderately wounded.
The adder bites you but does no damage.
You hit the adder.
The adder is almost dead.
The adder barely misses you.
You hit the adder.
You kill the adder!
Your Short Blades skill increases to level 5!
You hit the orc.
The orc is heavily wounded.
The orc closely misses you.
You completely miss the orc.
The orc is heavily wounded.
The orc misses you.
You hit the orc.
You kill the orc!
Jessica the Apprentice Sorceress comes into view.
She is wielding a +0 dagger and wearing a +0 robe of willpower.
Jessica casts a spell at you. Pain shoots through your body!
You die...

#.#.......... #.#
#.....## #.# #.......
###.# #.....#
....#####...##
...........## ###
......)....# #.@.
##########.######....
...†..# #.)....@....
#####.# ########....
#####.######## #...
##...........# ###
##.##.###....###
..........#...[.
......###...####
##.#### ##.## #.# #.#


You could see Jessica.

Vanquished Creatures
  An adder (D:3)
  A dart slug (D:1)
  An orc (D:3)
  6 ball pythons
  3 bats
  5 endoplasms
  3 giant cockroaches
  8 goblins
  2 hobgoblins
  8 jackals (D:3)
  5 kobolds
  A quokka (D:2)
  6 frilled lizards
  6 rats
  A spectral goblin (D:3)
57 creatures vanquished.

Notes
Turn   | Place    | Note
-------+----------+-------------------------------------------
     0 | D:1      | kaikaun the Kobold Brigand began the quest for the Orb.
     0 | D:1      | Reached XP level 1. HP: 12/12 MP: 1/1
   139 | D:1      | Reached XP level 2. HP: 17/17 MP: 2/2
   408 | D:1      | Reached XP level 3. HP: 21/21 MP: 3/3
   587 | D:1      | Found a faded altar of an unknown god.
  1244 | D:2      | Reached skill level 6 in Stealth
  1373 | D:2      | Found a glowing golden altar of the Shining One.
  1424 | D:2      | Reached XP level 4. HP: 22/26 MP: 4/4
  1513 | D:2      | Identified the +5 plate armour of Pawk {rC+ MP+9 Stlth-}
  1814 | D:3      | Found a hazy altar of Hepliaklqana.
  1883 | D:3      | Reached skill level 5 in Short Blades
  1888 | D:3      | Noticed Jessica
  1889 | D:3      | Killed from afar by Jessica

Illustrated notes

Levels and vault maps discovered:
D:1:      dpeg_arrival_chambers_temple_mockup, layout_loops_ring,
          basic_ecumenical_altar, chequers_arboretum
D:2:      minmay_recursive_quarters, layout_loops_ring, basic_altar
D:3:      layout_loops_ring, nicolae_hepliaklqana_monster_ancestors,
          uniq_jessica

Skill      XL: |  1  2  3  4 |
---------------+-------------+-----
Short Blades   | 3 4 5 |  5.1
Stealth        | 6 |  6.2
Fighting       | |  2.1
Throwing       | |  2.1
Dodging        | |  1.2

Action                     |  1- 3 |  4- 6 || total
---------------------------+-------+-------++-------
  Melee: Dagger            |    92 |    59 ||   151
         Punch             |       |     1 ||     1
    Use: Scroll            |     2 |     1 ||     3
   Stab: Sleeping          |    12 |     3 ||    15
 Armour: Robe              |    24 |    19 ||    43
  Dodge: Dodged            |    37 |    41 ||    78
